 Dungeon Crawl Stone Soup version 0.20-a0-556-g892c87b (webtiles) character file.

18780 drasked the Thaumaturge (level 12, -7/88 HPs)
             Began as a Deep Elf Fire Elementalist on Feb 6, 2017.
             Was a Priest of Vehumet.
             Killed by divine providence
             ... invoked by a meliai
              (10 damage)
             ... on level 4 of the Lair of Beasts.
             The game lasted 01:01:07 (14663 turns).

drasked the Thaumaturge (DEFE)                     Turns: 14663, Time: 01:01:08

Health: -7/88      AC: 26    Str:  5    XL:     12   Next: 30%
Magic:  26/41      EV:  2    Int: 26    God:    Vehumet [***...]
Gold:   630        SH:  0    Dex: 15    Spells: 24/39 levels left

rFire    + . .     SeeInvis .   A - staff of fire {rF+}
rCold    . . .     Gourm    .   (armour currently unavailable)
rNeg     + + +     Faith    .   (no shield)
rPois    +         Spirit   .   (helmet currently unavailable)
rElec    .         Reflect  .   (cloak currently unavailable)
rCorr    .         Harm     .   (gloves currently unavailable)
MR       +....     NoTele   +   (boots currently unavailable)
Stlth    ++........             G - amulet of magic regeneration
Regen    0.3/turn               J - ring of magical power {MP+9}
                                B - ring of poison resistance {rPois, !d}

@: tree-form
A: no striking features
a: Renounce Religion


You were on level 4 of the Lair of Beasts.
You worshipped Vehumet.
Vehumet was most pleased with you.
You were not hungry.
You were a tree.
You visited 3 branches of the dungeon, and saw 14 of its levels.
You also visited: Sewer.

You collected 630 gold pieces.

Inventory:

Hand Weapons
 n - a +2 dagger of holy wrath
   (You took it off a goblin on level 2 of the Dungeon)
 y - the +6 whip of Qipibryh {pain, rElec MR+ Dex+3}
   (You took it off an orc on level 5 of the Dungeon)

   In the hands of one skilled in necromantic magic, it inflicts extra damage on
   living creatures.
   It affects your dexterity (+3).
   It insulates you from electricity.
   It affects your resistance to hostile enchantments.
Armour
 f - a +0 pair of boots (melded)
   (You found it on level 3 of the Dungeon)
 l - a +1 hat of magic resistance (melded)
   (You found it on level 1 of the Dungeon)
 t - a +2 robe of cold resistance (melded)
   (You took it off Jessica on level 3 of the Dungeon)
 I - a +0 pair of gloves (melded)
   (You found it on level 8 of the Dungeon)
Magical Staves
 b - an uncursed staff of poison {rPois}
   (You found it on level 1 of the Lair of Beasts)
 A - an uncursed staff of fire (weapon) {rF+}
   (You found it on level 9 of the Dungeon)
Jewellery
 a - an uncursed amulet of regeneration {unknown}
   (You found it on level 3 of the Lair of Beasts)
 i - an uncursed ring of wizardry {Wiz+, !d}
   (You found it on level 1 of the Dungeon)
 B - a ring of poison resistance (left branch) {rPois, !d}
   (You found it on level 4 of the Dungeon)
 C - an uncursed ring of protection from cold {rC+, !d}
   (You found it on level 5 of the Dungeon)
 G - an amulet of magic regeneration (around neck)
   (You found it on level 6 of the Dungeon)
 J - a ring of magical power (right branch) {MP+9}
   (You found it on level 8 of the Dungeon)
 L - an uncursed amulet of guardian spirit {unknown}
   (You found it on level 3 of the Lair of Beasts)
Wands
 M - a wand of iceblast (1/15)
   (You found it on level 6 of the Dungeon)
 O - a wand of flame (28/48)
   (You found it on level 3 of the Lair of Beasts)
Scrolls
 e - a scroll of recharging
 m - 6 scrolls of teleportation
 o - a scroll of remove curse
 q - 2 scrolls of fear
 u - 2 scrolls of amnesia
 z - 2 scrolls of fog
 E - 3 scrolls of enchant armour
 F - a scroll of blinking {!r}
 Q - 2 scrolls of identify
 S - a scroll of torment {unknown}
Potions
 d - a potion of resistance
 h - 6 potions of curing
 j - 6 potions of flight
 k - 4 potions of cancellation
 p - a potion of invisibility {unknown}
 r - 3 potions of might {unknown}
 v - a potion of heal wounds
 w - 3 potions of degeneration {unknown}
 x - 3 potions of haste {unknown}
 K - 3 potions of lignification {!q}
 R - 2 potions of berserk rage {unknown}
Books
 s - a book of Misfortune
   (You found it on level 2 of the Lair of Beasts)
 D - a book of Spatial Translocations
   (You found it on level 1 of the Lair of Beasts)
Miscellaneous
 P - a crystal ball of energy
   (You found it on level 3 of the Lair of Beasts)
Comestibles
 c - 12 bread rations {@e1}
 g - 7 royal jellies
 H - 2 meat rations {@e2}
 N - 10 chunks of flesh {@w0}


   Skills:
 + Level 6.9 Dodging
 - Level 2.4 Stealth
 * Level 14.3 Spellcasting
 * Level 12.6 Conjurations
 * Level 12.4 Fire Magic


You had 24 spell levels left.
You knew the following spells:

 Your Spells              Type           Power        Failure   Level  Hunger
a - Flame Tongue          Conj/Fire      #####        0%          1    None
b - Blink                 Tloc           N/A          4%          2    None
c - Conjure Flame         Conj/Fire      #######.     1%          3    None
f - Fireball              Conj/Fire      #######...   1%          5    ##.....
s - Sticky Flame          Conj/Fire      #######.     1%          4    None


Dungeon Overview and Level Annotations

Branches:
Dungeon (9/15)             Temple (1/1) D:6            Lair (4/6) D:9
 Shoals (0/4) Lair:3        Snake (0/4) Lair:3
    Orc: D:9-12

Altars:
Ashenzari
Cheibriados
Dithmenos
Elyvilon
Fedhas
Gozag
Hepliaklqana
Kikubaaqudgha
Makhleb
Nemelex Xobeh
Okawaru
Qazlal
Ru
Trog
Uskayaw
Vehumet
Xom
Yredelemnul
Zin
The Shining One

Shops:
D:6 *=([*   D:7 =

Annotations:
D:2 Sigmund


Message History

The killer bee stings you. x2
You take 6 damage, and have 45/59 hp.
Aim: a killer bee You feel a surge of power!
That beam is likely to hit you.
Continue anyway?
The fireball explodes!
The fireball engulfs the killer bee.
You kill the killer bee!
Vehumet accepts your kill.
You feel your power returning. The fireball engulfs you! You resist.
The fireball engulfs the killer bee.
You kill the killer bee!
Vehumet accepts your kill.
The fireball engulfs the killer bee. x2
You kill the killer bee!
Vehumet accepts your kill.
You feel your power returning.
You hear an angry buzzing noise.
You hear an angry hiss.
You hear a screech!
You hear an angry buzzing noise.
The killer bee closely misses you. The killer bee stings you.
You take 20 damage, and have 25/59 hp.
MASSIVE DAMAGE!!
You now have 33/41 mp.
Aim: a killer bee (almost dead)
You feel a surge of power!
The flame tongue misses the killer bee.
The killer bee stings you. The killer bee barely misses you.
The killer bee closely misses you.
You take 3 damage, and have 22/59 hp.
You now have 32/41 mp.
Aim: a killer bee (almost dead)
You feel a surge of power!
The flame tongue hits the killer bee.
You kill the killer bee!
Vehumet accepts your kill.
You feel your power returning.
The killer bee buzzes angrily.
The killer bee misses you. The killer bee closely misses you.
Aim: a killer bee You feel a surge of power!
The sticky flame hits the killer bee.
The killer bee is covered in liquid flames!
The killer bee burns!
You kill the killer bee!
Vehumet accepts your kill.
You feel your power returning.
The killer bee stings you but does no damage.
You now have 31/41 mp.
Aim: a killer bee You feel a surge of power!
The sticky flame hits the killer bee.
The killer bee is covered in liquid flames!
The killer bee burns!
The meliai invokes the aid of its god against you.
Something smites you!
* * * LOW HITPOINT WARNING * * *
The killer bee misses you.
The killer bee buzzes angrily.
You hear a screech!
You take 10 damage, and have 13/59 hp.
You now have 27/41 mp.
Aim: a killer bee You feel a surge of power!
The sticky flame hits the killer bee.
You kill the killer bee!
Vehumet accepts your kill.
You feel your power returning.
The killer bee burns!
The killer bee stings you but does no damage.
The killer bee barely misses you. The meliai hits you with a war axe!
* * * LOW HITPOINT WARNING * * *
The meliai barely misses you.
A crocodile comes into view.
You take 9 damage, and have 4/59 hp.
You now have 25/41 mp.
You don't know that spell.
Unknown command.
You feel much better.
The killer bee burns!
The killer bee stings you.
* * * LOW HITPOINT WARNING * * *
The meliai calls upon its god to heal the killer bee.
The killer bee is healed somewhat.
The crocodile moves out of view.
The killer bee closely misses you. The meliai hits you with a war axe!
* * * LOW HITPOINT WARNING * * *
The meliai stings you.
* * * LOW HITPOINT WARNING * * *
A killer bee comes into view.
You take 3 damage, and have 1/59 hp.
You feel much better.
The killer bee burns!
The killer bee stings you!
* * * LOW HITPOINT WARNING * * *
The meliai hits you with a war axe!
* * * LOW HITPOINT WARNING * * *
The meliai closely misses you. The killer bee closely misses you.
A hippogriff comes into view.
You regained 2 hp, and now have 3/59 hp.
Really quaff
K - 4 potions of lignification {!q}? [Y]es or [N]o only, please.
Really quaff
K - 4 potions of lignification {!q}?
You turn into a tree.
Your +1 hat of magic resistance melds into your body.
Your +0 pair of gloves melds into your body.
Your +0 pair of boots melds into your body.
Your +2 robe of cold resistance melds into your body.
You feel less resistant to hostile enchantments.
You feel less resistant to cold.
Your roots penetrate the ground.
The killer bee burns!
The meliai hits you with a war axe.
* * * LOW HITPOINT WARNING * * *
The meliai stings you but does no damage.
The killer bee stings you but does no damage.
The meliai calls down the wrath of its god upon you.
Something smites you!
You die...

#.#..##.#..P###
##.............#
#..'.......)..###.
..#................
#.................
##.........PP†...
#........PP.....
#.'.##...####P..
##y♣###### #.# ##y##
.# #y.# #†.# #
###### ##..
#P.#.##.# .H##
.....l<.# %.%
........# ...%
........y..†y$.%%.%.


You could see a hippogriff, a meliai and 2 killer bees.

Vanquished Creatures
  Gastronok (D:9)
  Erica (D:8)
  A two-headed ogre (D:9)
  The ghost of anet the Charlatan, a novice DEWz of Ashenzari (D:8)
  Pikel (D:6)
  A manticore (Lair:3)
  A black mamba (Lair:4)
  5 spiny frogs
  A rime drake (Lair:3)
  2 komodo dragons
  A queen bee (Lair:4)
  A hornet (D:9)
  2 meliai (Lair:4)
  Grinder (D:4)
  Prince Ribbit (D:9)
  A polar bear (Lair:4)
  A hippogriff (Lair:3)
  A wraith (D:8)
  A spriggan (D:7)
  15 yaks
  Eustachio (D:6)
  Grum (D:8)
  4 humans (D:8)
  2 wyverns (Lair:4)
  2 nagas (Lair:3)
  6 water moccasins
  3 porcupines
  A slave (D:6)
  Purgy (Sewer)
  A black bear (Lair:2)
  A necrophage (D:9)
  2 phantoms
  3 eyes of draining
  4 wolves (D:8)
  5 centaurs
  3 ogres
  6 crocodiles
  A gnoll sergeant (D:5)
  7 bullfrogs
  3 scorpions
  25 killer bees
  3 howler monkeys
  4 wights (D:8)
  4 electric eels (Lair:2)
  5 crimson imps
  2 bullfrog zombies
  2 jellies
  2 hounds
  4 orc priests
  11 orc wizards
  Jessica (D:3)
  Terence (D:2)
  3 iguanas
  6 worker ants
  A hound skeleton (D:5)
  2 worker ant zombies
  A howler monkey skeleton (D:7)
  11 gnolls
  25 adders
  A shadow imp (D:7)
  2 oozes (D:3)
  2 adder skeletons
  2 worms
  2 dart slugs
  11 leopard geckos
  26 orcs
  2 ball pythons
  6 bats
  7 giant cockroaches
  8 goblins
  16 hobgoblins
  13 jackals
  5 quokkas
  16 frilled lizards
  8 kobolds
  A quokka zombie (D:5)
  4 rats
  3 plants (Lair:3)
345 creatures vanquished.

Vanquished Creatures (others)
  A bullfrog (D:6)
  2 jellies (D:6)
  A hound skeleton (D:6)
  A worm (D:6)
  A goblin (D:6)
  2 fungi
  2 plants (Lair:4)
10 creatures vanquished.

Grand Total: 355 creatures vanquished

Notes
Turn   | Place    | Note
-------+----------+-------------------------------------------
     0 | D:1      | drasked the Deep Elf Fire Elementalist began the quest for the Orb.
     0 | D:1      | Reached XP level 1. HP: 10/10 MP: 6/6
   418 | D:1      | Reached XP level 2. HP: 15/15 MP: 2/8
   675 | D:1      | HP: 2/15 [leopard gecko (5)]
  1025 | D:1      | Reached skill level 2 in Conjurations
  1025 | D:1      | Reached XP level 3. HP: 19/19 MP: 6/10
  1030 | D:1      | Learned a level 3 spell: Conjure Flame
  1356 | D:2      | Noticed Terence
  1437 | D:2      | Reached skill level 4 in Spellcasting
  1728 | D:2      | Reached skill level 4 in Fire Magic
  1811 | D:2      | Noticed Sigmund
  1813 | D:2      | Reached XP level 4. HP: 13/24 MP: 0/12
  2121 | D:2      | Killed Terence
  2121 | D:2      | Reached skill level 3 in Conjurations
  2421 | D:3      | Reached XP level 5. HP: 28/28 MP: 4/14
  2427 | D:3      | Learned a level 4 spell: Sticky Flame
  2433 | D:3      | Learned a level 5 spell: Fireball
  2809 | D:3      | Found a sacrificial altar of Ru.
  2865 | D:3      | Noticed Jessica
  2877 | D:3      | Reached skill level 5 in Spellcasting
  2931 | D:3      | Killed Jessica
  3270 | D:3      | Reached skill level 4 in Conjurations
  3365 | D:3      | Reached XP level 6. HP: 32/32 MP: 11/16
  3567 | D:4      | Noticed Grinder
  3883 | D:4      | Reached skill level 5 in Fire Magic
  3916 | D:4      | Killed Grinder
  3916 | D:4      | Reached skill level 6 in Spellcasting
  3916 | D:4      | Reached skill level 5 in Conjurations
  3916 | D:4      | Reached XP level 7. HP: 31/36 MP: 2/18
  4110 | D:5      | Entered Level 5 of the Dungeon
  4247 | D:5      | Got a jewelled whip {pain}
  4394 | D:5      | Found a glowing drain.
  4409 | D:5      | Reached skill level 6 in Conjurations
  4422 | Sewer    | Entered a sewer
  4671 | Sewer    | Noticed Purgy
  4686 | Sewer    | HP: 7/36 [Purgy (3)]
  4687 | Sewer    | Killed Purgy
  4986 | D:5      | Reached skill level 6 in Fire Magic
  5205 | D:5      | Reached skill level 7 in Spellcasting
  5326 | D:5      | Reached XP level 8. HP: 41/41 MP: 8/20
  5996 | D:5      | Reached skill level 7 in Conjurations
  6129 | D:6      | Found a staircase to the Ecumenical Temple.
  6153 | Temple   | Entered the Ecumenical Temple
  6387 | Temple   | Became a worshipper of Vehumet
  6537 | D:6      | Noticed Pikel
  6541 | D:6      | Killed Pikel
  6541 | D:6      | Reached skill level 8 in Spellcasting
  6541 | D:6      | Reached skill level 7 in Fire Magic
  6739 | D:6      | Reached skill level 8 in Conjurations
  6831 | D:6      | Found a bloodstained altar of Trog.
  6852 | D:6      | Found Iloew's Antique Weapon Boutique.
  6868 | D:6      | Found Luem's Jewellery Shop.
  6927 | D:6      | Reached skill level 9 in Spellcasting
  7112 | D:6      | Reached XP level 9. HP: 26/45 MP: 8/24
  7309 | D:6      | Found Wuotofux's Assorted Antiques.
  7334 | D:6      | Found a burning altar of Makhleb.
  7380 | D:6      | Identified the +6 whip of Qipibryh {pain, rElec MR+ Dex+3} (You took it off an orc on level 5 of the Dungeon)
  7414 | D:6      | Reached skill level 8 in Fire Magic
  7574 | D:6      | Found Tufistri's General Store.
  7685 | D:6      | Noticed Eustachio
  7693 | D:6      | Killed Eustachio
  7719 | D:6      | Found Meon's Armour Boutique.
  8119 | D:7      | Reached * piety under Vehumet
  8119 | D:7      | Offered knowledge of Sting by Vehumet.
  8275 | D:7      | Found Joar's Jewellery Shoppe.
  8279 | D:7      | Reached skill level 10 in Spellcasting
  8285 | D:7      | Reached skill level 9 in Conjurations
  8288 | D:7      | HP: 7/45 [bullfrog (9)]
  8688 | D:7      | Reached skill level 9 in Fire Magic
  9033 | D:8      | Noticed a two-headed ogre
  9492 | D:8      | Noticed anet's ghost (novice DEWz)
  9499 | D:8      | Killed anet's ghost
  9499 | D:8      | Reached skill level 11 in Spellcasting
  9499 | D:8      | Reached XP level 10. HP: 50/50 MP: 8/27
  9521 | D:8      | Noticed Erica
  9657 | D:8      | Noticed Grum
  9664 | D:8      | Killed Grum
  9664 | D:8      | Reached skill level 10 in Conjurations
  9666 | D:8      | Reached skill level 3 in Dodging
  9866 | D:8      | Reached skill level 10 in Fire Magic
 10049 | D:8      | Killed Erica
 10118 | D:8      | Offered knowledge of Throw Frost by Vehumet.
 10132 | D:8      | Reached skill level 4 in Dodging
 10330 | D:9      | Found a staircase to the Lair.
 10333 | D:9      | Reached ** piety under Vehumet
 10333 | D:9      | Reached skill level 12 in Spellcasting
 10780 | D:9      | Killed a two-headed ogre
 10780 | D:9      | Reached skill level 11 in Conjurations
 10780 | D:9      | Reached XP level 11. HP: 54/54 MP: 12/29
 10832 | D:9      | Reached skill level 11 in Fire Magic
 10863 | D:9      | Noticed Gastronok
 10879 | D:9      | Killed Gastronok
 10879 | D:9      | Reached skill level 5 in Dodging
 11274 | D:9      | Noticed Prince Ribbit
 11277 | D:9      | Killed Prince Ribbit
 11497 | D:9      | Offered knowledge of Ignite Poison by Vehumet.
 11504 | Lair:1   | Entered Level 1 of the Lair of Beasts
 11653 | Lair:1   | Reached skill level 13 in Spellcasting
 11671 | Lair:1   | HP: 7/54 [komodo dragon (31)]
 12054 | Lair:1   | Learned a level 2 spell: Blink
 12524 | Lair:2   | Reached skill level 6 in Dodging
 12855 | Lair:2   | Reached *** piety under Vehumet
 12863 | Lair:2   | Reached skill level 12 in Conjurations
 13660 | Lair:3   | Found a staircase to the Snake Pit.
 13679 | Lair:3   | Reached skill level 12 in Fire Magic
 13960 | Lair:3   | Reached XP level 12. HP: 59/59 MP: 31/31
 13963 | Lair:3   | Found a staircase to the Shoals.
 14458 | Lair:4   | Offered knowledge of Force Lance by Vehumet.
 14458 | Lair:4   | Reached skill level 14 in Spellcasting
 14659 | Lair:4   | HP: 13/59 [meliai/divine providence (10)]
 14660 | Lair:4   | HP: 4/59 [meliai/war axe (9)]
 14661 | Lair:4   | HP: 1/59 [meliai/war axe (5)]
 14663 | Lair:4   | Killed from afar by a meliai

Vault maps used:
D:1:      lemuel_arrival_river_ford, nrook_loot_triangle,
          minmay_stone_trees_small
D:2:      led_sif_pool, uniq_sigmund, uniq_terence
D:3:      old_standard_altar, minmay_lizard_king, uniq_jessica
D:4:      first_bread, uniq_grinder
D:5:      gup_sewer_entry_glass, lightli_minifort
D:6:      trog_eyes_of_draining, makhleb_grotto_becter, temple_fountains,
          serial_shops, nicolae_shop_waterfront, shop, shop,
          nicolae_shop_window_shopping, shop, serial_curves, eino_curves_02,
          eino_curves_04, uniq_pikel, uniq_eustachio
D:7:      serial_shops, nicolae_shop_window_shopping, the_bakery
D:8:      abandoned_shop, minmay_ruffians, uniq_erica, uniq_grum
D:9:      lair_entry_dummy, minmay_checkerbox, uniq_prince_ribbit1,
          uniq_gastronok
Temple:   bh_familiar_temple
Lair:1:   grunt_megastairs_5
Lair:2:   serial_bayou_shore_a
Lair:3:   minmay_shoals_entry_beasts, guppyfry_snake_entry_garden, st_stairs_10
Lair:4:   serial_bayou_pond_d
Sewer:    sewer_co_purgy_island

Skill      XL: |  1  2  3  4  5  6  7  8  9 10 11 12 |
---------------+-------------------------------------+-----
Conjurations   | 2 3 4 5 6 8 9 11 12 | 12.6
Spellcasting   | 4 5 6 7 9 11 12 13 14 | 14.3
Fire Magic     | 4 5 6 7 9 10 12 | 12.4
Dodging        | 4 6 |  6.9
Stealth        | |  2.4

Action                   |  1- 3 |  4- 6 |  7- 9 | 10-12 || total
-------------------------+-------+-------+-------+-------++-------
Melee: Dagger            |     5 |     5 |   120 |    28 ||   158
       Whip              |       |       |     1 |     4 ||     5
 Cast: Flame Tongue      |    92 |   109 |   162 |    90 ||   453
       Conjure Flame     |       |     4 |     3 |     5 ||    12
       Sticky Flame      |       |    10 |    31 |    23 ||    64
       Fireball          |       |       |    38 |   110 ||   148
       Blink             |       |       |       |     1 ||     1
Evoke: Wand              |       |       |     1 |       ||     1
  Use: Scroll            |     4 |     2 |     6 |     9 ||    21
       Potion            |       |       |       |     3 ||     3
 Stab: Sleeping          |       |     1 |     1 |       ||     2
  Eat: Chunk             |     2 |     8 |    24 |    12 ||    46
       Royal jelly       |       |       |     1 |     1 ||     2
       Fruit             |       |       |       |     8 ||     8
       Meat ration       |       |       |       |     1 ||     1
Armor: Robe              |    23 |     8 |    48 |    19 ||    98
       Skin              |       |       |       |     2 ||     2
Dodge: Dodged            |    47 |    40 |   127 |    76 ||   290

Vault maps used:
D:1:      lemuel_arrival_river_ford, nrook_loot_triangle,
          minmay_stone_trees_small
D:2:      led_sif_pool, uniq_sigmund, uniq_terence
D:3:      old_standard_altar, minmay_lizard_king, uniq_jessica
D:4:      first_bread, uniq_grinder
D:5:      gup_sewer_entry_glass, lightli_minifort
D:6:      trog_eyes_of_draining, makhleb_grotto_becter, temple_fountains,
          serial_shops, nicolae_shop_waterfront, shop, shop,
          nicolae_shop_window_shopping, shop, serial_curves, eino_curves_02,
          eino_curves_04, uniq_pikel, uniq_eustachio
D:7:      serial_shops, nicolae_shop_window_shopping, the_bakery
D:8:      abandoned_shop, minmay_ruffians, uniq_erica, uniq_grum
D:9:      lair_entry_dummy, minmay_checkerbox, uniq_prince_ribbit1,
          uniq_gastronok
Temple:   bh_familiar_temple
Lair:1:   grunt_megastairs_5
Lair:2:   serial_bayou_shore_a
Lair:3:   minmay_shoals_entry_beasts, guppyfry_snake_entry_garden, st_stairs_10
Lair:4:   serial_bayou_pond_d
Sewer:    sewer_co_purgy_island

Table legend:
 A = Turns spent in this place as a percentage of turns spent in the entire game.
 B = Non-inter-level travel turns spent in this place as a percentage of non-inter-level travel turns spent in the entire game.
 C = Inter-level travel turns spent in this place as a percentage of turns spent in this place.
 D = Turns resting spent in this place as a percentage of non-inter-level travel turns spent in this place.
 E = Turns spent auto-exploring this place as a percentage of non-inter-level travel turns spent in this place.
 F = Non-inter-level travel turns spent in this place divided by the number of levels of this place that you've seen.
                   A       B       C       D       E      F
               +-------+-------+-------+-------+-------+----------------------
         Total | 100.0 | 100.0 |   0.5 |   3.5 |   8.6 | 292.8
       Dungeon |  80.7 |  80.8 |   0.3 |   3.6 |   8.0 | 394.3
        Temple |   1.5 |   1.5 |   3.0 |   3.1 |  32.8 |  64.0
          Lair |  15.3 |  15.2 |   1.2 |   3.3 |   9.7 | 167.2
         Sewer |   2.5 |   2.5 |   0.0 |   3.6 |   7.3 | 110.0
               +-------+-------+-------+-------+-------+----------------------

Table legend:
 A = Kills in this place as a percentage of kills in entire the game.
 B = Kills by you in this place as a percentage of kills by you in the entire game.
 C = Kills by friends in this place as a percentage of kills by friends in the entire game.
 D = Other kills in this place as a percentage of other kills in the entire game.
 E = Experience gained in this place as a percentage of experience gained in the entire game.
 F = Experience gained in this place divided by the number of levels of this place that you have seen.
                   A       B       C       D       E      F
               +-------+-------+-------+-------+-------+----------------------
         Total | 100.0 | 100.0 |  -nan | 100.0 | 100.0 | 1788.6
       Dungeon |  77.5 |  77.4 |  -nan | 100.0 |  55.8 | 1663.8
          Lair |  19.9 |  19.9 |  -nan |   0.0 |  43.5 | 2920.2
         Sewer |   2.6 |   2.6 |  -nan |   0.0 |   0.6 | 174.0
               +-------+-------+-------+-------+-------+----------------------
